 Dungeon Crawl Stone Soup version 0.29-a0-857-g9b1aa3ac5b (webtiles) character file.

Game seed: 914199255408289403

28 xian the Shield-Bearer (level 2, -6/20 HPs)
             Began as a Palentonga Wanderer on July 16, 2022.
             Mangled by an ogre
             ... wielding a +0 giant club
              (26 damage)
             ... on level 4 of the Dungeon.
             The game lasted 00:06:52 (2899 turns).

xian the Shield-Bearer (Palentonga Wanderer)        Turns: 2899, Time: 00:06:52

Health: -6/20      AC:  4    Str: 15    XL:     2   Next: 96%
Magic:  4/4        EV:  8    Int: 11    God:
Gold:   93         SH:  9    Dex: 10    Spells: 2/3 levels left

rFire   . . .      SeeInvis +   a - +0 hand axe
rCold   . . .      Faith    .   b - +0 buckler
rNeg    . . .      Spirit   .   d - +0 leather armour
rPois   .          Reflect  +   (no helmet)
rElec   .          Harm     .   (no cloak)
rCorr   .          Rampage  .   (no gloves)
Will    .....                   (no barding)
Stlth   ++........              l - amulet "Xaewkewn" {Reflect SH+5 Stlth+}
HPRegen 0.06/turn               (no ring)
MPRegen 0.09/turn               (no ring)

@: no status effects
A: large, rugged brown scales 3, see invisible, deformed body, roll 1, armoured
tail
a: Rolling Charge


You were on level 4 of the Dungeon.
You visited 1 branch of the dungeon, and saw 4 of its levels.

You collected 93 gold pieces.

Inventory:

Hand Weapons
 a - a +0 hand axe (weapon)
Missiles
 h - 2 poisoned darts (quivered)
Armour
 b - a +0 buckler (worn)
 d - a +0 leather armour (worn)
Jewellery
 l - the amulet "Xaewkewn" (around neck) {Reflect SH+5 Stlth+}
   (You found it on level 3 of the Dungeon)

   [amulet of reflection]

   It reflects blocked missile attacks.
   SH:        It affects your SH (+5).
   Stlth:     It makes you more stealthy.
Scrolls
 c - a scroll of teleportation
 f - a scroll of identify {unknown}
 i - a scroll of poison {unknown}
 j - a scroll of magic mapping {unknown}
 m - a scroll of immolation {unknown}
Potions
 e - a potion of degeneration {unknown}
 k - a potion of haste {unknown}


   Skills:
 + Level 2.4 Axes
 + Level 1.1 Armour
 + Level 1.0 Stealth
 + Level 3.0 Shields
 + Level 1.3 Spellcasting
 + Level 2.2 Necromancy


You had 2 spell levels left.
You knew the following spells:

 Your Spells              Type           Power      Damage    Failure   Level
a - Necrotise             Necr           20%        1d5       19%         1

Your spell library contained the following spells:

 Spells                   Type           Power      Damage    Failure   Level
 Anguish                  Hex/Necr       1%         N/A       96%         4
 Corpse Rot               Necr/Pois/Air  2%         N/A       98%         4


Dungeon Overview and Level Annotations

Branches:
Dungeon (4/15)
 Temple: D:4-7

Altars:
Dithmenos
Zin


Innate Abilities, Weirdness & Mutations

You are completely covered in rugged brown scales. (AC +3, +7% HP)
You have supernaturally acute eyesight. (SInv)
Armour fits poorly on your strangely shaped body.
You can roll at nearby foes to attack.
You have a long armoured tail.


Message History

An ogre comes into view. It is wielding a +0 giant club.
Number of times to repeat, then command key: You must enter the number of times for the command to repeat.
There's nothing you can charge at!
Unknown command.
There's nothing you can charge at!
You throw a poisoned dart.
The poisoned dart completely misses the orc.
You throw a poisoned dart. The poisoned dart hits the orc.
The orc is poisoned.
You throw a poisoned dart. The poisoned dart hits the orc.
The orc looks even sicker.
The orc is heavily wounded.
You barely miss the orc.
The orc is almost dead.
You kill the orc!
Unknown command.
Things that are here:
a +0 flail; a +0 scale mail
h - 7 poisoned darts (gained 1)
h - 8 poisoned darts (gained 1)
You throw a poisoned dart. The poisoned dart hits the ogre.
The ogre is poisoned.
The ogre shouts!
You throw a poisoned dart. The poisoned dart hits the ogre.
The ogre is lightly wounded.
You throw a poisoned dart.
The poisoned dart barely misses the ogre.
The ogre looks more healthy.
You throw a poisoned dart. The poisoned dart hits the ogre.
The ogre is poisoned.
The ogre is lightly wounded.
You throw a poisoned dart.
The poisoned dart barely misses the ogre.
The ogre looks more healthy.
You throw a poisoned dart. The poisoned dart hits the ogre.
The ogre is poisoned.
The ogre is moderately wounded.
The ogre hits you with a +0 giant club!!
Ouch! That really hurt!
You die...

.###..........#
........###...#
#.......# #...#
#.##.##.###.⌠.#
###...#...#.....
≈≈≈≈≈≈#...###....
###...#)..# ....
##........## ....
#...@.....#
#.##O###.##
#.##.# #.#
#.##.###.#
#........#
####.##### #.#
#.# #(#


You could see an ogre (poisoned).

Vanquished Creatures
  3 orcs
  A ball python (D:3)
  A bat (D:1)
  2 endoplasms
  2 goblins (D:1)
  3 hobgoblins (D:1)
  4 quokkas
  2 frilled lizards
  A kobold (D:3)
19 creatures vanquished.

Vanquished Creatures (collateral kills)
  A hobgoblin (D:1)
1 creature vanquished.

Grand Total: 20 creatures vanquished

Notes
Turn   | Place    | Note
-------+----------+-------------------------------------------
     0 | D:1      | xian the Palentonga Wanderer began the quest for the Orb.
     0 | D:1      | xian set off with the following items: a +0 hand axe, a +0
                  | buckler, a potion of invisibility, a +0 leather armour; and
                  | the following spell memorised: Necrotise; and the following
                  | spells available to memorise: Anguish, Corpse Rot.
     0 | D:1      | Reached XP level 1. HP: 13/13 MP: 2/2
   411 | D:1      | Reached skill level 3 in Shields
   411 | D:1      | Reached XP level 2. HP: 13/20 MP: 0/3
  1186 | D:2      | You fall into a shaft and drop 1 floor!
  1386 | D:3      | Found a shadowy altar of Dithmenos.
  1386 | D:3      | Identified the amulet "Xaewkewn" {Reflect SH+5 Stlth+}
  1492 | D:3      | Found a glowing silver altar of Zin.
  2849 | D:4      | Noticed an ogre
  2899 | D:4      | Mangled by an ogre

Illustrated notes

Levels and vault maps discovered:
D:1:      scummos_arrival_simple_fountains, layout_loops_corners
D:2:      layout_basic, basic_altar, hellmonk_ecumenical_altar_prayer_group,
          serial_glass, glass_columns_b, glass_columns_b, glass_columns_c,
          glass_columns_a, glass_columns_b, glass_columns_a, serial_shops, shop,
          kennysheep_big_empty_room
D:3:      layout_basic, mainiacjoe_overflow_alcove_2, grunt_dithmenos_smoke,
          nrook_mini_backslash
D:4:      layout_loops_corners, mainiacjoe_overflow_chevrons, temple_hall,
          serial_rivers, chequers_serial_rivers_room_b,
          chequers_serial_rivers_room_a, chequers_serial_rivers_room_b,
          chequers_serial_rivers_small_3, chequers_serial_rivers_large_b,
          chequers_serial_rivers_micro_b, nicolae_elevator_lobby_asterisk

Skill      XL: |  1 |
---------------+----+-----
Shields        | 3 |  3.0
Axes           | |  2.4
Armour         | |  1.1
Stealth        | |  1.0
Spellcasting   | |  1.3
Necromancy     | |  2.2

Action                   || total
-------------------------++-------
Melee: Hand axe          ||    57
       Tailslap          ||     6
Throw: Dart              ||     9
 Cast: Necrotise         ||     8
 Abil: Rolling Charge    ||    17
  Use: Scroll            ||     1
       Potion            ||     1
Armor: Leather armour    ||    12
Dodge: Dodged            ||    12
Block: Buckler           ||    25

Table legend: (Time is in decaauts)
 A = Elapsed time spent in this place.
 B = Non-inter-level travel time spent in this place.
 C = Inter-level travel time spent in this place.
 D = Time resting spent in this place.
 E = Time spent auto-exploring this place.
 F = Levels seen in this place.
 G = Mean time per level.
                   A        B        C        D        E       F      G
               +--------+--------+--------+--------+--------+-----+--------+
         Total |   2910 |   2844 |     66 |      0 |   2315 |   4 |  727.5 |
       Dungeon |   2910 |   2844 |     66 |      0 |   2315 |   4 |  727.5 |
               +--------+--------+--------+--------+--------+-----+--------+

Top non-repeatable levels by time:
     D:3: 1636 daAuts
     D:1: 1147 daAuts
     D:4: 82 daAuts
     D:2: 43 daAuts
